 Dungeon Crawl Stone Soup version 0.32-a0-909-gc671339a80 (webtiles) character file.

Game seed: 10795517991604159218

2 Esekla the Vexing (level 1, 13/13 HPs)
             Began as a Demonspawn Wanderer on Apr 6, 2024.
             Got out of the dungeon alive.
             The game lasted 00:00:43 (106 turns).

Esekla the Vexing (Demonspawn Wanderer)              Turns: 106, Time: 00:00:43

Health: 13/13      AC:  3    Str:  8    XL:     1   Next: 25%
Magic:  2/2        EV: 11    Int: 16    God:
Gold:   0          SH:  0    Dex: 12    Spells: 1/2 levels left

rFire   . . .        a - +0 dagger
rCold   . . .        (no shield)
rNeg    . . .        c - +0 robe
rPois   .            (no helmet)
rElec   .            (no cloak)
rCorr   .            (no gloves)
SInv    .            d - +0 pair of boots
Will    .....        (no amulet)
Stlth   ++           (no ring)
HPRegen 0.22/turn    (no ring)
MPRegen 0.08/turn

%: no passive effects
@: no status effects
A: no striking features
a: no special abilities


You escaped.
You visited 1 branch of the dungeon, and saw 1 of its levels.

Inventory:

Hand Weapons
 a - a +0 dagger (weapon)
Armour
 c - a +0 robe (worn)
 d - a +0 pair of boots (worn)
Scrolls
 b - a scroll of teleportation
 e - a scroll of noise {unknown}
 f - a scroll of revelation {unknown}


   Skills:
 + Level 2.6 Dodging
 + Level 1.0 Stealth
 + Level 1.0 Spellcasting
 + Level 1.0 Conjurations
 + Level 4.1 Hexes


You had one spell level left.
You knew the following spells:

 Your Spells              Type           Power      Damage    Failure   Level
a - Slow                  Hex            52%        N/A       4%          1

Your spell library contained the following spells:

 Spells                   Type           Power      Damage    Failure   Level
 Confusing Touch          Hex            13%        N/A       13%         3
 Ensorcelled Hibernation  Hex/Ice        14%        N/A       16%         2
 Momentum Strike          Conj/Tloc      4%         3d8       28%         2
 Static Discharge         Conj/Air       4%         3-4/arc   28%         2


Dungeon Overview and Level Annotations

Branches:
Dungeon (1/15)

Altars:


Message History

Welcome, Esekla the Demonspawn Wanderer.
Are you destined to find the legendary Orb of Zot, or to die trying?
Press ? for a list of commands and other information.
Found a scroll labelled KUFE PULOPTICO and a scroll labelled BIV POBAUSHRAHEL.
Found a staircase leading out of the dungeon.
You begin with the following items: a +0 dagger, a scroll of teleportation, a +0 robe, a +0 pair of boots; and the following spell memorised: Slow; and the following spells available to memorise: Confusing Touch, Ensorcelled Hibernation, Momentum Strike, Static Discharge.
Found two escape hatches in the floor.
e - a scroll labelled BIV POBAUSHRAHEL
Found an escape hatch in the floor.
f - a scroll labelled KUFE PULOPTICO
There is an escape hatch in the floor here.
A ball python comes into view.
Found a stone staircase leading down.
You hit the ball python.
The ball python is moderately wounded.
The ball python closely misses you.
You barely miss the ball python.
The ball python is moderately wounded.
The ball python closely misses you. The ball python grabs you.
The ball python constricts you.
You barely miss the ball python.
The ball python is moderately wounded.
The ball python bites you. The ball python constricts you.
You hit the ball python.
You kill the ball python!
An endoplasm comes into view.
The endoplasm quivers.
An endoplasm comes into view.
You hit the endoplasm.
The endoplasm is heavily wounded.
The endoplasm hits you but does no damage.
You barely miss the endoplasm.
The endoplasm is heavily wounded.
The endoplasm hits you.
You hit the endoplasm.
You kill the endoplasm!
Okay, then.
There is a staircase leading out of the dungeon here.
You have escaped!

#################
#...............###
###########.......#
###########.#.#
#....@....#.#.#
#.........#.#.#
#.#.....#.#.#.#
#.........#.#.#
#.........#.#.#######
#.#.....#.#..........
#.........#..........
#.........#.#.###.##
#.#.....#.#.#.#..


There were no monsters in sight!

Vanquished Creatures
  An endoplasm (D:1)
  A ball python (D:1)
2 creatures vanquished.

Notes
Turn   | Place    | Note
-------+----------+-------------------------------------------
     0 | D:1      | Esekla the Demonspawn Wanderer began the quest for the Orb.
     0 | D:1      | Esekla set off with the following items: a +0 dagger, a
                  | scroll of teleportation, a +0 robe, a +0 pair of boots; and
                  | the following spell memorised: Slow; and the following
                  | spells available to memorise: Confusing Touch, Ensorcelled
                  | Hibernation, Momentum Strike, Static Discharge.
     0 | D:1      | Reached XP level 1. HP: 13/13 MP: 2/2
   106 | D:$      | Got out of the dungeon alive.

Illustrated notes

Levels and vault maps discovered:
D:1:      lemuel_arrival_broad_hall, layout_basic,
          ebering_ecumenical_altar_ruins, minmay_hexomino_c4

Action                     || total
---------------------------++-------
  Melee: Dagger            ||     7
 Armour: Robe              ||     5
  Dodge: Dodged            ||     2

Table legend: (Time is in decaauts)
 A = Elapsed time spent in this place.
 B = Non-inter-level travel time spent in this place.
 C = Inter-level travel time spent in this place.
 D = Time resting spent in this place.
 E = Time spent auto-exploring this place.
 F = Levels seen in this place.
 G = Mean time per level.
                   A        B        C        D        E       F      G
               +--------+--------+--------+--------+--------+-----+--------+
         Total |    106 |    106 |      0 |      0 |      0 |   1 |  106.0 |
       Dungeon |    106 |    106 |      0 |      0 |      0 |   1 |  106.0 |
               +--------+--------+--------+--------+--------+-----+--------+

Top non-repeatable levels by time:
     D:1: 106 daAuts
